 Dungeon Crawl Stone Soup version 0.21.0-24-g2553a3340b (webtiles) character file.

2826 Pixllover the Cleaver (level 9, -7/80 HPs)
             Began as a Minotaur Berserker on Jan 19, 2018.
             Was an Elder of Trog.
             Mangled by a gnoll sergeant
             ... wielding a +7 trident of venom
              (8 damage)
             ... on level 8 of the Dungeon.
             The game lasted 00:20:58 (6943 turns).

Pixllover the Cleaver (Minotaur Berserker)          Turns: 6943, Time: 00:20:58

Health: -7/80      AC:  9    Str: 26    XL:     9   Next: 45%
Magic:  8/8        EV: 13    Int:  4    God:    Trog [****..]
Gold:   370        SH:  0    Dex:  9    Spells: 8/8 levels left

rFire    . . .     SeeInvis .   B - +0 glaive
rCold    . . .     Gourm    .   (shield currently unavailable)
rNeg     . . .     Faith    .   o - +0 scale mail
rPois    .         Spirit   .   (helmet restricted)
rElec    .         Reflect  .   g - +0 cloak
rCorr    .         Harm     .   (no gloves)
MR       .....                  (no boots)
Stlth    +.........             (no amulet)
HPRegen  0.23/turn              x - ring of stealth
MPRegen  0.11/turn              A - +1 ring of evasion

@: lethally poisoned (-7 -> -29), berserk cooldown, slowed, very slow
A: retaliatory headbutt, horns 2
a: Berserk, Trog's Hand, Brothers in Arms, Burn Spellbooks, Renounce Religion


You were on level 8 of the Dungeon.
You worshipped Trog.
Trog was greatly pleased with you.
You were not hungry.

You visited 1 branch of the dungeon, and saw 8 of its levels.

You collected 493 gold pieces.
You spent 123 gold pieces at shops.

Inventory:

Hand Weapons
 a - a +0 hand axe
 f - a +1 vampiric war axe
 m - a +0 hand axe of electrocution
 r - a +3 halberd
 s - a +3 hand axe of flaming
 B - a +0 glaive (weapon)
Armour
 b - a +0 animal skin
 g - a +0 cloak (worn)
 l - a +1 ring mail
 o - a +0 scale mail (worn)
Jewellery
 x - a ring of stealth (left hand)
 A - a +1 ring of evasion (right hand)
Wands
 h - a wand of polymorph (32)
 n - a wand of flame (75)
 w - a wand of iceblast (21)
Scrolls
 i - 9 scrolls of identify
 j - a scroll of immolation
 k - 2 scrolls of enchant weapon
 q - a scroll of random uselessness {unknown}
 t - 2 scrolls of teleportation
 v - a scroll of fear {unknown}
 y - a scroll of fog
Potions
 d - 3 potions of curing
 e - 2 potions of lignification
 p - a potion of agility
 u - 2 potions of haste
 z - 2 potions of heal wounds {unknown}
Books
 D - a book of Maledictions

   Spells                             Type                      Level
   a - Corona                         Hexes                        1
   b - Ensorcelled Hibernation        Hexes/Ice                    2
   c - Confuse                        Hexes                        3
   d - Tukima's Dance                 Hexes                        3
   e - Dazzling Spray                 Conjuration/Hexes            3
   Trog disapproves of the use of such an item.
Comestibles
 c - 10 rations


   Skills:
 + Level 7.6 Fighting
 + Level 9.6(10.2) Axes
 + Level 5.3(8.2) Polearms
 + Level 8.1 Armour
 + Level 5.0 Dodging
 + Level 1.2 Stealth


You had 8 spell levels left.
You didn't know any spells.

Dungeon Overview and Level Annotations

Branches:
Dungeon (8/15)             Temple (0/1) D:7
   Lair: D:8-11

Altars:
Ashenzari
Fedhas
Gozag
Ru
Sif Muna
Vehumet
Xom
Yredelemnul

Shops:
D:4 }   D:6 ****(


Innate Abilities, Weirdness & Mutations

You reflexively headbutt those who attack you in melee.
You have a pair of horns on your head.


Message History

The gnoll barely misses you.
The gnoll sergeant hits you but does no damage.
You are more poisoned.
The wolf bites you.
* * * LOW HITPOINT WARNING * * *
You hit the gnoll sergeant but do no damage.
The gnoll sergeant is severely wounded.
* * * LOW HITPOINT WARNING * * *
You feel very sick. The wolf barely misses you. You furiously retaliate!
You headbutt the wolf!
You kill the wolf!
Trog accepts your kill.
Your Dodging skill increases to level 5!
The centaur skeleton closely misses you.
The jelly closely misses you. You furiously retaliate!
You headbutt the jelly!
You kill the jelly!
Trog accepts your kill. The gnoll closely misses you.
The gnoll sergeant hits you with a trident of venom!
You die...

#########
........#
........#
........# .
........######...
.................
........Z@.......
.......†.g.......
.......<)g.......
..............$..
.................
.................
.................
######...........
#.........


You could see a gnoll sergeant, a gnoll and a centaur skeleton.

Vanquished Creatures
  Prince Ribbit (D:5)
  Grum (D:8)
  An orc warrior (D:7)
  A sky beast (D:6)
  4 phantoms
  3 ogres
  4 wolves (D:8)
  A centaur (D:6)
  A wyvern zombie (D:6)
  A scorpion (D:5)
  4 wights (D:6)
  2 crimson imps (D:5)
  2 jellies
  2 orc wizards (D:7)
  A gnoll shaman (D:5)
  A hound (D:7)
  3 orc priests (D:7)
  Natasha (D:3)
  2 iguanas (D:4)
  8 worker ants
  A hound zombie (D:7)
  Robin (D:3)
  2 hound skeletons (D:6)
  18 gnolls
  A howler monkey skeleton (D:7)
  7 adders
  2 shadow imps (D:5)
  An ooze (D:4)
  An adder skeleton (D:5)
  A worm (D:2)
  3 dart slugs
  8 leopard geckos
  19 orcs
  5 giant cockroaches
  2 gnoll zombies (D:6)
  16 goblins
  13 hobgoblins
  6 jackals
  11 kobolds
  2 quokkas
  2 ball pythons
  6 bats
  4 frilled lizards
  A quokka zombie (D:6)
  7 rats
  A plant (D:4)
185 creatures vanquished.

Vanquished Creatures (others)
  An orc wizard (D:3)
1 creature vanquished.

Grand Total: 186 creatures vanquished

Notes
Turn   | Place    | Note
-------+----------+-------------------------------------------
     0 | D:1      | Pixllover the Minotaur Berserker began the quest for the Orb.
     0 | D:1      | Reached XP level 1. HP: 19/19 MP: 0/0
   263 | D:1      | Reached XP level 2. HP: 27/27 MP: 1/1
   387 | D:1      | Reached skill level 4 in Axes
   776 | D:1      | Reached XP level 3. HP: 28/33 MP: 2/2
  1061 | D:1      | Upgraded the game from 0.21.0-22-g11d5b5247c to 0.21.0-24-g2553a3340b
  1160 | D:2      | Reached ** piety under Trog
  1678 | D:3      | Reached XP level 4. HP: 7/41 MP: 3/3
  2059 | D:3      | Reached skill level 5 in Axes
  2080 | D:3      | Found a blossoming altar of Fedhas.
  2220 | D:3      | Reached XP level 5. HP: 47/47 MP: 4/4
  2252 | D:3      | Noticed Robin
  2257 | D:3      | Killed Robin
  2266 | D:3      | Reached *** piety under Trog
  2358 | D:3      | Noticed Natasha
  2361 | D:3      | Reached skill level 5 in Fighting
  2372 | D:3      | Killed Natasha
  2450 | D:3      | Found a deep blue altar of Sif Muna.
  3461 | D:4      | Noticed a phantom
  3473 | D:4      | Killed a phantom
  3473 | D:4      | Reached skill level 6 in Axes
  3473 | D:4      | Reached XP level 6. HP: 47/56 MP: 5/5
  3622 | D:4      | Found Xedghisk's Gadget Shoppe.
  3796 | D:4      | Found an opulent altar of Gozag.
  3880 | D:4      | Reached XP level 7. HP: 62/62 MP: 6/6
  3897 | D:4      | Reached skill level 7 in Axes
  4033 | D:5      | Entered Level 5 of the Dungeon
  4060 | D:5      | Reached skill level 5 in Armour
  4077 | D:5      | Noticed Prince Ribbit
  4102 | D:5      | Killed Prince Ribbit
  4102 | D:5      | Reached skill level 1 in Polearms
  4707 | D:5      | Reached XP level 8. HP: 71/71 MP: 7/7
  4739 | D:5      | Reached **** piety under Trog
  4789 | D:5      | Found a radiant altar of Vehumet.
  5009 | D:5      | Reached skill level 8 in Axes
  5251 | D:6      | Found Qemuubli's General Store.
  5279 | D:6      | Found Lenoudgh's Assorted Antiques.
  5292 | D:6      | Found Metick's Antique Weapon Boutique.
  5326 | D:6      | Found a shattered altar of Ashenzari.
  5533 | D:6      | Found Jotoxus's Assorted Antiques.
  5537 | D:6      | Reached skill level 1 in Stealth
  5559 | D:6      | Bought a scroll of identify for 42 gold pieces
  5559 | D:6      | Bought a scroll labeled BUYDOI JOYMU for 21 gold pieces
  5559 | D:6      | Bought an orange potion for 18 gold pieces
  5698 | D:6      | Reached skill level 9 in Axes
  5719 | D:6      | Found a basalt altar of Yredelemnul.
  5814 | D:6      | Found Vaj Jomm's General Store.
  5832 | D:6      | Bought a +1 ring of evasion for 42 gold pieces
  5920 | D:7      | Reached XP level 9. HP: 79/79 MP: 8/8
  6123 | D:7      | Found a shimmering altar of Xom.
  6153 | D:7      | Found a staircase to the Ecumenical Temple.
  6197 | D:7      | Found a sacrificial altar of Ru.
  6929 | D:8      | Noticed Grum
  6934 | D:8      | Killed Grum
  6942 | D:8      | Reached skill level 5 in Polearms
  6943 | D:8      | HP: 1/79 [poisoned by a gnoll sergeant]
  6943 | D:8      | Reached skill level 5 in Dodging
  6943 | D:8      | Mangled by a gnoll sergeant

Skill      XL: |  1  2  3  4  5  6  7  8  9 |
---------------+----------------------------+-----
Axes           | 4 5 6 7 9 |  9.6
Fighting       | 4 5 6 7 |  7.6
Dodging        | 3 4 5 |  5.0
Armour         | 3 4 5 7 8 |  8.1
Polearms       | 1 2 5 |  5.3
Stealth        | 1 |  1.2

Action                   |  1- 3 |  4- 6 |  7- 9 || total
-------------------------+-------+-------+-------++-------
Melee: Hand axe          |   100 |     7 |   126 ||   233
       Headbutt          |     8 |    17 |    37 ||    62
       War axe           |       |    99 |    11 ||   110
       Halberd           |       |       |    31 ||    31
       Glaive            |       |       |    44 ||    44
Invok: Berserk           |     1 |     2 |     6 ||     9
       Brothers in Arms  |       |       |     1 ||     1
  Use: Scroll            |       |     5 |     7 ||    12
       Potion            |       |     5 |     1 ||     6
  Eat: Chunk             |     2 |     3 |    12 ||    17
       Ration            |       |     3 |     2 ||     5
Armor: Animal skin       |    16 |       |       ||    16
       Ring mail         |     3 |    24 |       ||    27
       Scale mail        |       |     1 |    85 ||    86
Dodge: Dodged            |    66 |    57 |   195 ||   318
